 Dungeon Crawl Stone Soup version 0.18.1-48-g4cf74bf (webtiles) character file.

178 Gargoyl the Skirmisher (level 5, -1/41 HPs)
             Began as a Demonspawn Abyssal Knight on July 2, 2016.
             Was a Believer of Lugonu.
             Killed by a spatial distortion (3 damage)
             ... on level 3 of the Dungeon.
             The game lasted 00:08:13 (2325 turns).

Gargoyl the Skirmisher (Demonspawn Abyssal Knight)  Turns: 2325, Time: 00:08:14

Health: -1/41      AC: 11    Str: 13    XL:     5   Next: 32%
Magic:  7/7        EV:  6    Int: 14    God:    Lugonu [**....]
Gold:   159        SH:  3    Dex: 12    Spells: 0 memorised, 4 levels left

rFire  . . .     SeeInvis .     a - +1 hand axe
rCold  . . .     Gourm    .     m - +0 chain mail (curse)
rNeg   . . .     Faith    .     e - +0 buckler
rPois  .         Spirit   .     (helmet restricted)
rElec  .         Dismiss  .     k - +0 cloak
rCorr  .         Reflect  .     (no gloves)
SustAt .         Harm     .     (no boots)
MR     .....                    (no amulet)
Stlth  ..........               (no ring)
                                (no ring)

@: not resistant to hostile enchantments, extremely unstealthy
A: horns 1, icy blue scales 1, powered by pain 1
a: Depart the Abyss, Bend Space, Renounce Religion


You were on level 3 of the Dungeon.
You worshipped Lugonu.
Lugonu was pleased with you.
You were not hungry.

You visited 1 branch of the dungeon, and saw 3 of its levels.
You visited the Abyss 1 time.

You collected 159 gold pieces.

Inventory:

Hand Weapons
 a - a +1 hand axe (weapon)
Missiles
 p - 2 javelins (quivered)
Armour
 e - a +0 buckler (worn)
 k - a +0 cloak (worn)
 m - a cursed +0 chain mail (worn)
Scrolls
 b - 2 scrolls of noise {unknown}
 g - 2 scrolls of identify {unknown}
 i - 4 scrolls of remove curse {unknown}
 j - 4 scrolls of teleportation {unknown}
 l - a scroll of fear {unknown}
 n - a scroll of enchant weapon {unknown}
Comestibles
 c - 3 bread rations
 f - 4 meat rations
 o - a beef jerky
 s - a chunk of flesh


   Skills:
 + Level 3.6 Fighting
 + Level 2.6 Axes
 * Level 3.3 Armour
 + Level 1.9 Dodging
 + Level 1.0 Shields
 + Level 3.0 Invocations


You had 4 spell levels left.
You didn't know any spells.

Dungeon Overview and Level Annotations

Branches:
Dungeon (3/15)

Altars:

Annotations:
D:3 Sigmund


Innate Abilities, Weirdness & Mutations

You have a pair of small horns on your head.
You are partially covered in icy blue scales (AC +1).
You sometimes gain a little power by taking damage.


Message History

You hear some strange, mumbled words.
You are confused.
You are very lightly contaminated with residual magic.
Drink which item? (? for menu, Esc to quit)
It was a potion of cancellation.
Your magical effects are unravelling.
Your magical contamination has completely faded away.
You feel magically purged.
You feel yourself slow down.
You feel less confused.
Drink which item? (? for menu, Esc to quit)
It was a potion of magic.
Magic courses through your body. Something completely misses you.
You closely miss something. Your headbutt misses something. Something hits you.
You hit something. Something hits you!
* * * LOW HITPOINT WARNING * * *
Your chain mail prevents you from hitting something.
You headbutt something. Something hits you.
* * * LOW HITPOINT WARNING * * *
Space bends around you!
You blink.
You die...

############...............[
#.........###..))..
#.#.###+### ####### #.#.#
#.#ยง# # ### ###.#{###.##
#.. #...........# #####..
#...........# #......
#...@.......# #......
#...........# #......
#...........# #......
#...........# #......
#...........# #......
#........... #......
#####.###### #...... .#
#######


There were no monsters in sight!

Vanquished Creatures
  An orc priest (D:3)
  Jessica (D:3)
  4 adders
  A worm (D:3)
  2 dart slugs (D:1)
  2 giant geckos (D:3)
  9 orcs (D:3)
  5 ball pythons
  8 bats
  A giant cockroach (D:2)
  11 goblins
  7 hobgoblins
  2 jackals (D:1)
  4 kobolds
  A quokka (D:2)
  A giant newt (D:2)
  7 rats
67 creatures vanquished.

Notes
Turn   | Place    | Note
--------------------------------------------------------------
     0 | Abyss:1  | Gargoyl the Demonspawn Abyssal Knight began the quest for the Orb.
     0 | Abyss:1  | Reached XP level 1. HP: 18/18 MP: 2/2
    37 | Abyss:1  | Noticed an ancient zyme
    48 | Abyss:2  | Noticed an orange demon
    59 | Abyss:2  | Found a snail-covered altar of Cheibriados.
    95 | Abyss:2  | Noticed an ancient zyme
   107 | Abyss:2  | Noticed a spatial maelstrom
   110 | Abyss:2  | Noticed a quasit
   112 | D:1      | Escaped the Abyss
   347 | D:1      | Gained mutation: You are partially covered in icy blue scales (AC +1). [demonic ancestry]
   347 | D:1      | Reached XP level 2. HP: 24/24 MP: 4/4
   359 | D:1      | Reached * piety under Lugonu
   793 | D:2      | Reached XP level 3. HP: 27/29 MP: 5/5
   820 | D:2      | Reached skill level 1 in Dodging
  1565 | D:3      | Gained mutation: You sometimes gain a little power by taking damage. [demonic ancestry]
  1565 | D:3      | Reached XP level 4. HP: 31/35 MP: 6/6
  1617 | D:3      | Reached skill level 1 in Shields
  1778 | D:3      | Reached ** piety under Lugonu
  1955 | D:3      | Noticed Jessica
  1966 | D:3      | Killed Jessica
  1966 | D:3      | Gained mutation: You have a pair of small horns on your head. [demonic ancestry]
  1966 | D:3      | Reached XP level 5. HP: 35/41 MP: 7/7
  2301 | D:3      | Noticed Sigmund
  2324 | D:3      | HP: 2/41 [something (5)]
  2325 | D:3      | Killed by a spatial distortion

Skill      XL: |  1  2  3  4 |
---------------+-------------+-----
Armour         | 2 3 |  3.3
Invocations    | 3 |  3.0
Dodging        | 1 |  1.9
Axes           | 2 |  2.6
Shields        | 1 |  1.0
Fighting       | |  3.6

Action                   |  1- 3 |  4- 6 || total
-------------------------+-------+-------++-------
Melee: Hand axe          |   140 |    99 ||   239
       Headbutt          |       |     6 ||     6
Invok: Depart the Abyss  |     1 |       ||     1
  Use: Potion            |       |     4 ||     4
  Eat: Chunk             |     2 |     3 ||     5
Armor: Chain mail        |   128 |    83 ||   211
Dodge: Dodged            |    44 |    31 ||    75
Block: Buckler           |    32 |    20 ||    52
